 Dungeon Crawl Stone Soup version 0.18.1-50-g88ac8fd (webtiles) character file.

15566 Nordron the Thaumaturge (level 12, -4/71 HPs)
             Began as a Gargoyle Fire Elementalist on Sept 27, 2016.
             Was an Elder of Vehumet.
             Slain by a river rat (5 damage)
             ... on level 1 of the Lair of Beasts.
             The game lasted 01:28:09 (12525 turns).

Nordron the Thaumaturge (GrFE)                     Turns: 12525, Time: 01:28:10

Health: -4/71      AC: 20    Str: 11    XL:     12   Next: 28%
Magic:  2/25       EV: 14    Int: 22    God:    Vehumet [****..]
Gold:   662        SH:  6    Dex: 13    Spells: 4 memorised, 17 levels left

rFire  . . .     SeeInvis +     M - +2 whip (pain)
rCold  . . .     Gourm    .     L - +1 leather armour "Caghugeisi" {MR++ SInv}
rNeg   + . .     Faith    .     (no shield)
rPois  ∞         Spirit   .     W - +2 hat
rElec  +         Dismiss  .     j - +0 cloak
rCorr  .         Reflect  +     I - +2 pair of gloves
SustAt +         Harm     .     (no boots)
MR     ++...                    O - +6 amulet of reflection
Stlth  ++........               G - +3 ring of dexterity
                                t - ring of sustain attributes

@: very resistant to hostile enchantments, unstealthy
A: negative energy resistance 1, electricity resistance, unbreathing,
petrification resistance, rot immunity, AC +8
a: Renounce Religion


You were on level 1 of the Lair of Beasts.
You worshipped Vehumet.
Vehumet was greatly pleased with you.
You were not hungry.

You visited 3 branches of the dungeon, and saw 13 of its levels.
You also visited: Ossuary.

You collected 662 gold pieces.

Inventory:

Hand Weapons
 i - a +4 short sword
 n - a +3 dagger of draining
 H - a +1 flail of crushing
 M - a +2 whip of pain (weapon)
Armour
 j - a +0 cloak (worn)
 x - a +2 robe of positive energy
 I - a +2 pair of gloves (worn)
 K - a +0 shield
 L - the +1 leather armour "Caghugeisi" (worn) {MR++ SInv}
   (You found it on level 7 of the Dungeon)

   It affects your resistance to hostile enchantments.
   It lets you see invisible.
 Q - a +2 leather armour of cold resistance
 W - a +2 hat (worn)
 X - a +0 troll leather armour
Jewellery
 e - an uncursed ring of flight
 t - a ring of sustain attributes (left hand)
 G - a +3 ring of dexterity (right hand)
 O - a +6 amulet of reflection (around neck)
Wands
 a - a wand of confusion (35/48)
 T - a wand of lightning (1/15)
 U - a wand of digging (13/24)
Scrolls
 f - 7 scrolls of identify
 m - 4 scrolls of fog
 q - 4 scrolls of remove curse
 B - 4 scrolls of recharging {unknown}
 R - 2 scrolls of immolation {unknown}
 Y - a scroll of teleportation
 Z - a scroll of blinking
Potions
 g - a potion of invisibility {unknown}
 h - 5 potions of curing
 k - 2 potions of heal wounds
 p - a potion of resistance {unknown}
 s - 3 potions of ambrosia
 v - 3 potions of might {unknown}
 w - a potion of haste
 A - a potion of agility
 D - 2 potions of degeneration {unknown}
 E - 3 potions of brilliance {unknown}
 F - a potion of cure mutation {unknown}
 J - a potion of berserk rage {unknown}
Books
 b - a book of Flames

   Spells                             Type                      Level
   a - Flame Tongue                   Conjuration/Fire             1
   b - Throw Flame                    Conjuration/Fire             2
   c - Conjure Flame                  Conjuration/Fire             3
   d - Inner Flame                    Hexes/Fire                   3
   e - Sticky Flame                   Conjuration/Fire             4
   f - Fireball                       Conjuration/Fire             5
 P - a book of Maledictions

   Spells                             Type                      Level
   a - Corona                         Hexes                        1
   b - Ensorcelled Hibernation        Hexes/Ice                    2
   c - Confuse                        Hexes                        3
   d - Tukima's Dance                 Hexes                        3
   e - Dazzling Spray                 Conjuration/Hexes            3
Miscellaneous
 S - a phantom mirror
Comestibles
 c - 12 bread rations
 d - 11 fruits
 l - 2 beef jerkies
 o - a royal jelly
 r - 2 slices of pizza
 u - 7 meat rations


   Skills:
 + Level 6.5 Fighting
 + Level 5.7 Maces & Flails
 + Level 6.2 Armour
 + Level 5.3 Dodging
 - Level 2.1 Stealth
 + Level 5.1 Shields
 * Level 9.7 Spellcasting
 + Level 8.2 Conjurations
 + Level 7.4 Fire Magic
 + Level 3.6 Evocations


You had 17 spell levels left.
You knew the following spells:

 Your Spells              Type           Power        Failure   Level  Hunger
a - Flame Tongue          Conj/Fire      #####        1%          1    None
b - Conjure Flame         Conj/Fire      #####...     1%          3    None
c - Sticky Flame          Conj/Fire      #####...     1%          4    ##.....
d - Fireball              Conj/Fire      #####.....   3%          5    ####...


Dungeon Overview and Level Annotations

Branches:
Dungeon (11/15)            Temple (1/1) D:5            Lair (1/8) D:10
    Orc: D:9-12

Altars:
Ashenzari
Cheibriados
Dithmenos
Elyvilon
Fedhas
Gozag
Kikubaaqudgha
Makhleb
Nemelex Xobeh
Okawaru
Pakellas
Qazlal
Ru
Sif Muna
Trog
Vehumet
Xom
Yredelemnul
Zin
The Shining One

Annotations:
D:11 RTS's ghost, journeyman MiBe


Innate Abilities, Weirdness & Mutations

You are resistant to torment.
Your stone body is resilient (AC +8).
You are immune to poison.
You resist negative energy.
You are resistant to electric shocks.
You can survive without breathing.
You are immune to petrification.
You are immune to rotting.


Message History

The spiny frog is heavily wounded.
The spiny frog is covered in liquid flames!
The spiny frog burns!
The river rat closely misses you. The river rat barely misses you.
The spiny frog stings you!
* * * LOW HITPOINT WARNING * * *
Casting: Sticky Flame
Confirm with . or Enter, or press ? or * to list all spells.
Aiming: Flame Tongue
Press: ? - help, Shift-Dir - straight line, f/p - spiny frog
Aim: a spiny frog (heavily wounded, covered in liquid flames)
The flame tongue hits the spiny frog.
The spiny frog is heavily wounded.
The spiny frog burns!
The river rat misses you. The river rat closely misses you.
The spiny frog misses you.
You hit the spiny frog but do no damage.
The spiny frog is severely wounded.
The spiny frog burns!
The river rat bites you.
* * * LOW HITPOINT WARNING * * *
The river rat bites you.
You die...

..............#
.#.............#
..............#
.#............#
..............##
...............#
##............##
#......<†....###
..........†.†F@#
...........†.rr#
...............#
...............#
..............##
.r.............
...............
.........


You could see a spiny frog (burning) and 2 river rats.

Vanquished Creatures
  Gastronok (D:10)
  The ghost of veneficus the Basher, a novice DDFi of Makhleb (D:9)
  A death yak (D:10)
  3 ugly things (D:11)
  An elephant (D:10)
  A spiny frog (Lair:1)
  A komodo dragon (D:11)
  3 trolls
  Prince Ribbit (D:5)
  2 two-headed ogres
  A spriggan (D:9)
  17 yaks
  2 water moccasins
  A porcupine (Lair:1)
  3 ice beasts
  An eye of draining (D:11)
  An orc warrior (D:7)
  3 sky beasts
  2 black bears
  A necrophage (D:11)
  4 phantoms
  7 ogres
  5 centaurs
  3 crocodiles
  5 big kobolds
  5 giant frogs
  4 water moccasin zombies (Ossuary)
  2 scorpions
  5 killer bees (D:8)
  2 howler monkeys
  9 wights (D:10)
  A jelly (D:10)
  A centaur zombie (D:9)
  2 crimson imps
  A giant frog zombie (D:5)
  6 hounds
  A quasit (D:8)
  14 orc wizards
  12 orc priests
  A gnoll shaman (D:7)
  2 iguanas
  A giant frog skeleton (D:11)
  Ijyb (D:3)
  10 worker ants
  A sheep (D:10)
  4 big kobold zombies (Ossuary)
  3 mummies
  A worker ant zombie (D:5)
  16 gnolls
  11 adders
  6 river rats (Lair:1)
  3 shadow imps
  An ooze (D:3)
  2 adder zombies (Ossuary)
  2 adder skeletons
  A worm (D:2)
  2 dart slugs
  6 giant geckos
  53 orcs
  7 giant cockroaches
  5 goblins
  7 hobgoblins
  18 jackals
  23 kobolds
  4 quokkas
  9 bats
  2 giant gecko skeletons (D:4)
  6 giant newts
  A gnoll zombie (Ossuary)
  5 hobgoblin zombies
  A jackal skeleton (D:6)
  A jackal zombie (D:5)
  6 kobold zombies (Ossuary)
  6 orc zombies (Ossuary)
  A quokka skeleton (D:9)
  14 rats
379 creatures vanquished.

Vanquished Creatures (others)
  A centaur (D:9)
1 creature vanquished.

Grand Total: 380 creatures vanquished

Notes
Turn   | Place    | Note
--------------------------------------------------------------
     0 | D:1      | Nordron the Gargoyle Fire Elementalist began the quest for the Orb.
     0 | D:1      | Reached XP level 1. HP: 10/10 MP: 3/3
    36 | D:1      | Reached XP level 2. HP: 15/15 MP: 0/5
   558 | D:1      | Reached XP level 3. HP: 19/19 MP: 1/7
  1164 | D:2      | Reached skill level 3 in Spellcasting
  1167 | D:2      | Reached XP level 4. HP: 18/24 MP: 2/8
  1182 | D:2      | Learned a level 3 spell: Conjure Flame
  1356 | D:2      | Learned a level 4 spell: Sticky Flame
  1543 | D:3      | Found a sparkling altar of Nemelex Xobeh.
  1624 | D:3      | Reached XP level 5. HP: 27/28 MP: 1/10
  1734 | D:3      | Noticed Ijyb
  1745 | D:3      | Killed Ijyb
  1745 | D:3      | Reached skill level 4 in Spellcasting
  1939 | D:3      | Found a faded altar to an unknown god.
  1940 | D:3      | Noticed a sky beast
  2156 | D:3      | Killed a sky beast
  2156 | D:3      | Reached XP level 6. HP: 12/32 MP: 0/12
  2795 | D:3      | Learned a level 5 spell: Fireball
  3432 | D:4      | Reached XP level 7. HP: 25/36 MP: 8/14
  3529 | D:4      | Reached skill level 5 in Spellcasting
  3793 | D:5      | Entered Level 5 of the Dungeon
  3809 | D:5      | You fall through a shaft for 3 floors!
  3927 | D:5      | Found a staircase to the Ecumenical Temple.
  4021 | D:5      | Found a sand-covered staircase.
  4029 | Ossuary  | Entered an ossuary
  4267 | Ossuary  | Reached skill level 5 in Fire Magic
  4415 | Ossuary  | Reached skill level 5 in Conjurations
  4431 | Ossuary  | Reached XP level 8. HP: 21/41 MP: 5/16
  4710 | D:5      | Reached skill level 1 in Armour
  4806 | D:5      | Noticed Prince Ribbit
  4831 | D:5      | Reached skill level 6 in Spellcasting
  4926 | D:5      | Killed Prince Ribbit
  4926 | D:5      | Reached skill level 1 in Fighting
  4926 | D:5      | Reached skill level 1 in Maces & Flails
  5320 | Temple   | Entered the Ecumenical Temple
  5710 | D:5      | Reached XP level 9. HP: 35/49 MP: 11/18
  5928 | D:6      | Found a deep blue altar of Sif Muna.
  6251 | D:6      | Reached skill level 7 in Spellcasting
  7106 | D:7      | Found a radiant altar of Vehumet.
  7108 | D:7      | Found a shadowy altar of Dithmenos.
  7108 | D:7      | Found a shattered altar of Ashenzari.
  7109 | D:7      | Found a white marble altar of Elyvilon.
  7110 | D:7      | Found a blossoming altar of Fedhas.
  7113 | D:7      | Became a worshipper of Vehumet
  7381 | D:7      | Reached skill level 1 in Shields
  7521 | D:7      | Found an opulent altar of Gozag.
  7564 | D:7      | Got a bloodstained leather armour
  7631 | D:7      | Identified the +1 leather armour "Caghugeisi" {MR++ SInv} (You found it on level 7 of the Dungeon)
  7801 | D:7      | Found a glowing silver altar of Zin.
  7801 | D:7      | Found an opulent altar of Gozag.
  7862 | D:7      | Reached * piety under Vehumet
  7862 | D:7      | Offered knowledge of Magic Dart by Vehumet.
  8105 | D:8      | Reached XP level 10. HP: 56/56 MP: 16/21
  8899 | D:9      | Reached ** piety under Vehumet
  8933 | D:9      | Offered knowledge of Sting by Vehumet.
  8946 | D:9      | Noticed veneficus's ghost (novice DDFi)
  8962 | D:9      | Killed veneficus's ghost
  8962 | D:9      | Reached skill level 8 in Spellcasting
  8987 | D:9      | Reached skill level 1 in Evocations
  9496 | D:9      | Reached skill level 5 in Fighting
  9855 | D:10     | Entered Level 10 of the Dungeon
  9881 | D:10     | Reached XP level 11. HP: 49/64 MP: 7/23
  9894 | D:10     | Found a staircase to the Lair.
  9895 | D:10     | Noticed a death yak
  9912 | D:10     | Killed a death yak
  9912 | D:10     | Offered knowledge of Ignite Poison by Vehumet.
  9912 | D:10     | Reached skill level 5 in Armour
 10518 | D:10     | Reached *** piety under Vehumet
 10530 | D:10     | Noticed Gastronok
 10744 | D:10     | Killed Gastronok
 10744 | D:10     | Reached skill level 5 in Maces & Flails
 10744 | D:10     | Reached skill level 9 in Spellcasting
 10975 | D:10     | Offered knowledge of Stone Arrow by Vehumet.
 11606 | D:11     | Reached skill level 5 in Dodging
 11860 | D:11     | Noticed a purple ugly thing
 11867 | D:11     | Killed a purple ugly thing
 11867 | D:11     | Reached XP level 12. HP: 70/70 MP: 16/25
 11972 | D:11     | Reached **** piety under Vehumet
 12039 | D:11     | Noticed RTS's ghost (journeyman MiBe)
 12235 | D:11     | Reached skill level 5 in Shields
 12448 | Lair:1   | Entered Level 1 of the Lair of Beasts
 12470 | Lair:1   | Offered knowledge of Iskenderun's Battlesphere by Vehumet.
 12525 | Lair:1   | HP: 1/71 [river rat (5)]
 12525 | Lair:1   | Slain by a river rat

Skill      XL: |  1  2  3  4  5  6  7  8  9 10 11 12 |
---------------+-------------------------------------+-----
Conjurations   | 2 3 5 6 7 8 |  8.2
Spellcasting   | 3 4 5 6 7 8 9 |  9.7
Fire Magic     | 4 5 6 7 |  7.4
Armour         | 2 4 5 6 |  6.2
Fighting       | 2 4 5 6 |  6.5
Maces & Flails | 2 3 4 5 |  5.7
Dodging        | 2 3 4 5 |  5.3
Shields        | 1 3 4 5 |  5.1
Evocations     | 2 3 |  3.6
Stealth        | |  2.1

Action                   |  1- 3 |  4- 6 |  7- 9 | 10-12 || total
-------------------------+-------+-------+-------+-------++-------
Melee: Unarmed           |     3 |       |       |       ||     3
       Whip              |    11 |       |    47 |   227 ||   285
       Dagger            |     3 |    36 |   127 |       ||   166
 Cast: Flame Tongue      |    58 |   102 |   312 |   366 ||   838
       Conjure Flame     |       |     2 |     3 |     5 ||    10
       Sticky Flame      |       |       |    15 |    51 ||    66
       Fireball          |       |       |     2 |     5 ||     7
Evoke: Wand              |       |       |       |     3 ||     3
  Use: Scroll            |       |       |     8 |    10 ||    18
       Potion            |       |       |       |     2 ||     2
  Eat: Chunk             |     1 |     7 |    16 |    16 ||    40
       Fruit             |       |       |     2 |       ||     2
       Bread ration      |       |       |       |     1 ||     1
Armor: Robe              |    13 |    31 |   110 |       ||   154
       Leather armour    |       |       |     6 |   156 ||   162
Dodge: Dodged            |    24 |    36 |   156 |   270 ||   486
Block: Other             |       |       |     9 |   131 ||   140
       Reflection        |       |       |     2 |     4 ||     6
